PAAA
BANGOR TRIDENT BASE OGRES @ NAPERVILLE BATTLEKINGS
07/29/2022
 
TOP OF THE 1ST
Bangor Trident Base Ogres batting - Pitching for Naperville Battlekings : RHP William Peck
Pitching: RHP William Peck
Batting: RHB Elvis Larson 0-0: Fly out, F9 (Flyball, 89M)
Batting: RHB Takaaki Kobayashi 0-0: Called Strike
0-1: Foul Ball, location: 2F
0-2: Strikes out swinging
Batting: LHB Bernardo Elías 0-0: Ball
1-0: Ball
2-0: Ball
3-0: Called Strike
3-1: Base on Balls
Batting: RHB Bertrand Sunter 0-0: Ball
1-0: Called Strike
1-1: Called Strike
1-2: Ball
2-2: Fly out, F5 (Line Drive, 5)
Top of the 1st over - 0 run(s), 0 hit(s), 0 error(s), 1 left on base; Bangor Trident Base 0 - Naperville 0
BOTTOM OF THE 1ST
Naperville Battlekings batting - Pitching for Bangor Trident Base Ogres : RHP Rubén Rodríguez
Pitching: RHP Rubén Rodríguez
Batting: RHB Scott Peterson 0-0: Called Strike
0-1: SINGLE (Groundball, 5D)
Batting: RHB Kevin Tyler 0-0: Ball
1-0: Ball
2-0: SINGLE (Groundball, 34D)
Scott Peterson to second
Runner from 2nd tries for 3rd, SAFE, throw made to third
Batting: RHB Joe Ferneyhough 0-0: Called Strike
0-1: Ball
1-1: Foul Ball, location: 2F
1-2: Ball
2-2: Foul Ball, location: 2F
2-2: Fly out, F7 (Flyball, 7D)
Runner from 3rd tags up, SCORES, no throw
Batting: RHB Pedro González 0-0: Fly out, F7 (Flyball, 7D)
Batting: RHB Sal Haynes 0-0: Ball
1-0: Ball
2-0: Ball
3-0: Base on Balls
Kevin Tyler to second
Batting: RHB Carlos Gómez 0-0: Ball
1-0: SINGLE (Groundball, 4M)
Kevin Tyler to third
Sal Haynes to second
Runner from 3rd tries for Home, SAFE, no throw or cutoff
Batting: RHB Marcus Wade 0-0: Ball
1-0: Ball
2-0: Ball
3-0: Base on Balls
Sal Haynes to third
Carlos Gómez to second
Batting: RHB Tim Little 0-0: Ball
1-0: Swinging Strike
1-1: Foul Ball, location: 2F
1-2: Strikes out swinging
Bottom of the 1st over - 2 run(s), 3 hit(s), 0 error(s), 3 left on base; Bangor Trident Base 0 - Naperville 2
TOP OF THE 2ND
Bangor Trident Base Ogres batting - Pitching for Naperville Battlekings : RHP William Peck
Batting: RHB Jeremy Christensen 0-0: Foul Ball, location: 2F
0-1: Called Strike
0-2: Strikes out swinging
Batting: RHB Hubert Dodson 0-0: SINGLE (Line Drive, 78S)
Batting: RHB Greg Griffin 0-0: Ball
1-0: Called Strike
1-1: Ball
2-1: Called Strike
2-2: Ball
3-2: Base on Balls
Hubert Dodson to second
Batting: SHB Bill Becker 0-0: Ball
1-0: Ball
2-0: SINGLE (Groundball, 5D)
Hubert Dodson to third
Greg Griffin to second
Runner from 3rd tries for Home, SAFE, no throw or cutoff
Batting: RHB Augusto Rocha 0-0: Ball
1-0: Fly out, F8 (Flyball, 8LD)
Runner from 2nd tags up, SAFE at 3rd with throw
Batting: RHB Elvis Larson 0-0: Ball
1-0: Ball
2-0: Called Strike
2-1: Ball
3-1: Called Strike
3-2: Base on Balls
Bill Becker to second
Batting: RHB Takaaki Kobayashi 0-0: Ball
1-0: Ball
2-0: Called Strike
2-1: Called Strike
2-2: SINGLE (Flyball, 7LS)
Greg Griffin scores
Bill Becker to third
Elvis Larson to second
Runner from 3rd tries for Home, SAFE, no throw or cutoff
Batting: LHB Bernardo Elías 0-0: Swinging Strike
0-1: Called Strike
0-2: Ground out 1-3 (Groundball, 15)
Top of the 2nd over - 3 run(s), 3 hit(s), 0 error(s), 2 left on base; Bangor Trident Base 3 - Naperville 2
BOTTOM OF THE 2ND
Naperville Battlekings batting - Pitching for Bangor Trident Base Ogres : RHP Rubén Rodríguez
Batting: LHB Alfonso Martínez 0-0: Ball
1-0: Called Strike
1-1: Called Strike
1-2: Ball
2-2: Ball
3-2: Base on Balls
Batting: RHB Scott Peterson 0-0: Called Strike
0-1: Fly out, F5 (Line Drive, 5L)
Batting: RHB Kevin Tyler 0-0: Foul Ball, location: 2F
0-1: Ball
1-1: SINGLE (Line Drive, 6MD)
Alfonso Martínez to second
Batting: RHB Joe Ferneyhough 0-0: Ball
1-0: Foul Ball, location: 2F
1-1: Foul Ball, location: 2F
1-2: Ball
2-2: Ball
3-2: Foul Ball, location: 2F
3-2: Fly out, F7 (Line Drive, 78S)
Batting: RHB Pedro González 0-0: Ball
1-0: TRIPLE (Flyball, 8RXD)
Alfonso Martínez scores
Kevin Tyler scores
Batting: RHB Sal Haynes 0-0: Ball
1-0: Ball
2-0: Fly out, F6 (Popup, 6MD)
Bottom of the 2nd over - 2 run(s), 2 hit(s), 0 error(s), 1 left on base; Bangor Trident Base 3 - Naperville 4
TOP OF THE 3RD
Bangor Trident Base Ogres batting - Pitching for Naperville Battlekings : RHP William Peck
Batting: RHB Bertrand Sunter 0-0: Ball
1-0: Called Strike
1-1: Called Strike
1-2: Ball
2-2: Ball
3-2: Fly out, F5 (Popup, 56S)
Batting: RHB Jeremy Christensen 0-0: Ball
1-0: Called Strike
1-1: Called Strike
1-2: Ball
2-2: Foul Ball, location: 2F
2-2: Fly out, F4 (Popup, 34)
Batting: RHB Hubert Dodson 0-0: Called Strike
0-1: Ball
1-1: Ball
2-1: Called Strike
2-2: SINGLE (Groundball, 34)
Batting: RHB Greg Griffin 0-0: Ball
1-0: Foul Ball, location: 2F
1-1: Called Strike
1-2: Strikes out swinging
Top of the 3rd over - 0 run(s), 1 hit(s), 0 error(s), 1 left on base; Bangor Trident Base 3 - Naperville 4
BOTTOM OF THE 3RD
Naperville Battlekings batting - Pitching for Bangor Trident Base Ogres : RHP Rubén Rodríguez
Batting: RHB Carlos Gómez 0-0: Ball
1-0: Ball
2-0: Foul Ball, location: 2F
2-1: SINGLE (Groundball, 34D)
Batting: RHB Marcus Wade 0-0: Ball
1-0: SINGLE (Line Drive, 56)
Carlos Gómez to second
Batting: RHB Tim Little 0-0: Ball
1-0: Called Strike
1-1: Fly out, F9 (Flyball, 89S)
Batting: LHB Alfonso Martínez 0-0: Ball
1-0: Called Strike
1-1: Foul Ball, location: 2F
1-2: Foul Ball, location: 2F
1-2: Fly out, F4 (Popup, 34D)
Batting: RHB Scott Peterson 0-0: Called Strike
0-1: Ball
Wild Pitch!
Carlos Gómez to third
Marcus Wade to second
1-1: Fly out, F2 (Popup, 2RF)
Bottom of the 3rd over - 0 run(s), 2 hit(s), 0 error(s), 2 left on base; Bangor Trident Base 3 - Naperville 4
TOP OF THE 4TH
Bangor Trident Base Ogres batting - Pitching for Naperville Battlekings : RHP William Peck
Batting: SHB Bill Becker 0-0: SINGLE (Groundball, 5D)
Batting: RHB Augusto Rocha 0-0: Ball
1-0: Ball
2-0: Ball
3-0: Base on Balls
Bill Becker to second
Batting: RHB Elvis Larson 0-0: Swinging Strike
0-1: Grounds into double play, 4-6-3 (Groundball, 4M)
Bill Becker to third
Batting: RHB Takaaki Kobayashi 0-0: Ball
1-0: Ball
2-0: Ball
3-0: Base on Balls
Batting: LHB Bernardo Elías 0-0: Called Strike
0-1: Ball
1-1: Ball
2-1: Fly out, F8 (Flyball, 8RXD)
Top of the 4th over - 0 run(s), 1 hit(s), 0 error(s), 2 left on base; Bangor Trident Base 3 - Naperville 4
BOTTOM OF THE 4TH
Naperville Battlekings batting - Pitching for Bangor Trident Base Ogres : RHP Rubén Rodríguez
Batting: RHB Kevin Tyler 0-0: Ball
1-0: Ball
2-0: Called Strike
2-1: Called Strike
2-2: Ground out 6-3 (Groundball, 6)
Batting: RHB Joe Ferneyhough 0-0: Ball
1-0: Ground out 4-3 (Groundball, 4M)
Batting: RHB Pedro González 0-0: SINGLE (Flyball, 8LS)
Batting: RHB Sal Haynes 0-0: Ball
1-0: Foul Ball, location: 2F
1-1: Foul Ball, location: 2F
1-2: Ball
2-2: Foul Ball, location: 2F
2-2: DOUBLE (Flyball, 89XD)
Pedro González to third
Runner from 3rd tries for Home, SAFE, no throw or cutoff
Batting: RHB Carlos Gómez 0-0: Ball
1-0: Foul Ball, location: 2F
1-1: Ball
2-1: Ball
3-1: Foul Ball, location: 2F
3-2: Base on Balls
Batting: RHB Marcus Wade 0-0: Called Strike
0-1: Foul Ball, location: 2F
0-2: Ball
1-2: Ball
2-2: Foul Ball, location: 2F
2-2: Ground out 6-3 (Groundball, 6)
Bottom of the 4th over - 1 run(s), 2 hit(s), 0 error(s), 2 left on base; Bangor Trident Base 3 - Naperville 5
TOP OF THE 5TH
Bangor Trident Base Ogres batting - Pitching for Naperville Battlekings : RHP William Peck
Batting: RHB Bertrand Sunter 0-0: Called Strike
0-1: Foul Ball, location: 2F
0-2: Strikes out looking
Batting: RHB Jeremy Christensen 0-0: Ball
1-0: Ball
2-0: Foul Ball, location: 2F
2-1: SINGLE (Groundball, 6M)
Batting: RHB Hubert Dodson 0-0: Foul Ball, location: 2F
0-1: Ball
1-1: Ball
2-1: Foul Ball, location: 2F
2-2: Ball
3-2: Fly out, F9 (Flyball, 9S)
Batting: RHB Greg Griffin 0-0: Ball
1-0: Swinging Strike
1-1: Foul Ball, location: 2F
1-2: Foul Ball, location: 2F
1-2: Fielders Choice at 2nd, U4 (Groundball, 4M)
Top of the 5th over - 0 run(s), 1 hit(s), 0 error(s), 1 left on base; Bangor Trident Base 3 - Naperville 5
BOTTOM OF THE 5TH
Naperville Battlekings batting - Pitching for Bangor Trident Base Ogres : RHP Rubén Rodríguez
Batting: RHB Tim Little 0-0: Ball
1-0: Foul Ball, location: 2F
1-1: Foul Ball, location: 2F
1-2: Fly out, F7 (Flyball, 78D)
Batting: LHB Alfonso Martínez 0-0: Fly out, F8 (Flyball, 8RD)
Batting: RHB Scott Peterson 0-0: Swinging Strike
0-1: SINGLE (Groundball, 56)
Batting: RHB Kevin Tyler 0-0: Called Strike
0-1: Ball
1-1: Ball
2-1: Fly out, F7 (Flyball, 78M)
Bottom of the 5th over - 0 run(s), 1 hit(s), 0 error(s), 1 left on base; Bangor Trident Base 3 - Naperville 5
TOP OF THE 6TH
Bangor Trident Base Ogres batting - Pitching for Naperville Battlekings : RHP William Peck
Batting: SHB Bill Becker 0-0: Called Strike
0-1: Fly out, F7 (Popup, 6D)
Batting: RHB Augusto Rocha 0-0: Called Strike
0-1: Fly out, F7 (Flyball, 78M)
Batting: RHB Elvis Larson 0-0: Foul Ball, location: 2F
0-1: Foul Ball, location: 2F
0-2: Ball
1-2: Foul Ball, location: 2F
1-2: SINGLE (Groundball, 6MD)
Batting: RHB Takaaki Kobayashi 0-0: Ball
1-0: Ball
2-0: Foul Ball, location: 2F
2-1: Called Strike
2-2: Foul Ball, location: 2F
2-2: SINGLE (Flyball, 6MD)
Elvis Larson to second
Pitching: RHP Colt Harris
Batting: LHB Bernardo Elías 0-0: Ball
1-0: Swinging Strike
1-1: Ball
2-1: Foul Ball, location: 2F
2-2: Foul Ball, location: 2F
2-2: Ball
3-2: Base on Balls
Elvis Larson to third
Takaaki Kobayashi to second
Batting: RHB Bertrand Sunter 0-0: Ball
1-0: Ball
2-0: Ball
3-0: Base on Balls
Elvis Larson scores
Takaaki Kobayashi to third
Bernardo Elías to second
Batting: RHB Jeremy Christensen 0-0: Ball
1-0: Ground out 3-1 (Groundball, 34)
Top of the 6th over - 1 run(s), 2 hit(s), 0 error(s), 3 left on base; Bangor Trident Base 4 - Naperville 5
BOTTOM OF THE 6TH
Naperville Battlekings batting - Pitching for Bangor Trident Base Ogres : RHP Rubén Rodríguez
Batting: RHB Joe Ferneyhough 0-0: Ball
1-0: Called Strike
1-1: Swinging Strike
1-2: Strikes out swinging
Batting: RHB Pedro González 0-0: Swinging Strike
0-1: Called Strike
0-2: Ball
1-2: Ball
2-2: Strikes out swinging
Batting: RHB Sal Haynes 0-0: Ball
1-0: Foul Ball, location: 2F
1-1: Ball
2-1: Foul Ball, location: 2F
2-2: Ball
3-2: Ground out 6-3 (Groundball, 56)
Bottom of the 6th over - 0 run(s), 0 hit(s), 0 error(s), 0 left on base; Bangor Trident Base 4 - Naperville 5
TOP OF THE 7TH
Bangor Trident Base Ogres batting - Pitching for Naperville Battlekings : RHP Colt Harris
Batting: RHB Hubert Dodson 0-0: Called Strike
0-1: Ball
1-1: Foul Ball, location: 2F
1-2: Ball
2-2: Foul Ball, location: 2F
2-2: Foul Ball, location: 2F
2-2: Ground out 6-3 (Groundball, 56)
Batting: RHB Greg Griffin 0-0: Called Strike
0-1: Ball
1-1: Ball
2-1: Foul Ball, location: 2F
2-2: Ball
3-2: Strikes out looking
Batting: SHB Bill Becker 0-0: Ball
1-0: Ball
2-0: Called Strike
2-1: Ball
3-1: Called Strike
3-2: Strikes out swinging
Top of the 7th over - 0 run(s), 0 hit(s), 0 error(s), 0 left on base; Bangor Trident Base 4 - Naperville 5
BOTTOM OF THE 7TH
Naperville Battlekings batting - Pitching for Bangor Trident Base Ogres : RHP Rubén Rodríguez
Batting: RHB Carlos Gómez 0-0: Ground out 5-3 (Groundball, 5S)
Batting: RHB Marcus Wade 0-0: Swinging Strike
0-1: Called Strike
0-2: Ball
1-2: Ball
2-2: Ground out 5-3 (Groundball, 56)
Batting: RHB Tim Little 0-0: Called Strike
0-1: Ground out 5-3 (Groundball, 56)
Bottom of the 7th over - 0 run(s), 0 hit(s), 0 error(s), 0 left on base; Bangor Trident Base 4 - Naperville 5
TOP OF THE 8TH
Bangor Trident Base Ogres batting - Pitching for Naperville Battlekings : RHP Colt Harris
Pitching: RHP Ramón Elizondo
Batting: RHB Augusto Rocha 0-0: SINGLE (Groundball, 56D) (infield hit)
Pitching: LHP Jason Puckett
Batting: RHB Elvis Larson 0-0: Bunted foul
0-1: Sac Bunt - play at first, batter OUT! U3
Augusto Rocha to second
Pitching: RHP William Taylor
Pinch Hitting: RHB Sang-yeon Kim 0-0: Ground out 1-3 (Groundball, 15)
Pitching: RHP Carl O'Malloy
Batting: LHB Bernardo Elías 0-0: Ball
1-0: Swinging Strike
1-1: Foul Ball, location: 2F
1-2: Strikes out swinging
Top of the 8th over - 0 run(s), 1 hit(s), 0 error(s), 1 left on base; Bangor Trident Base 4 - Naperville 5
BOTTOM OF THE 8TH
Naperville Battlekings batting - Pitching for Bangor Trident Base Ogres : RHP Rubén Rodríguez
Pitching: RHP Kelly Hyde
Now at 2B: Sang-yeon Kim
Batting: LHB Alfonso Martínez 0-0: Ball
1-0: Ball
2-0: Ball
3-0: Called Strike
3-1: Swinging Strike
3-2: SINGLE (Groundball, 34D)
Batting: RHB Scott Peterson 0-0: Sac Bunt - play at second, runner OUT! 5-6
Pinch Hitting: RHB Earnest Veeck 0-0: Called Strike
0-1: SINGLE (Line Drive, 6M)
Scott Peterson to second
Batting: RHB Joe Ferneyhough 0-0: Fielders Choice at 2nd, 6-4 (Groundball, 6M)
Scott Peterson to third
Batting: RHB Pedro González 0-0: Ball
1-0: Called Strike
1-1: Swinging Strike
1-2: Ball
2-2: Foul Ball, location: 2F
2-2: Foul Ball, location: 2F
2-2: Ball
3-2: Foul Ball, location: 2F
3-2: Foul Ball, location: 2F
3-2: Base on Balls
Joe Ferneyhough to second
Pinch Hitting: RHB Jim Unknown 0-0: Called Strike
0-1: Foul Ball, location: 2F
0-2: Ball
1-2: Ball
2-2: Ball
3-2: Foul Ball, location: 2F
3-2: Ground out 4-3 (Groundball, 4)
Bottom of the 8th over - 0 run(s), 2 hit(s), 0 error(s), 3 left on base; Bangor Trident Base 4 - Naperville 5
TOP OF THE 9TH
Bangor Trident Base Ogres batting - Pitching for Naperville Battlekings : RHP Carl O'Malloy
Pitching: LHP Motoyuki Nakamura
Now at 1B: Jack Mason
Now in RF: Daryl Lloyd
Batting: RHB Bertrand Sunter 0-0: Ball
1-0: Ball
2-0: Foul Ball, location: 2F
2-1: Ball
3-1: Foul Ball, location: 2F
3-2: Base on Balls
Batting: RHB Jeremy Christensen 0-0: Ball
1-0: Ball
2-0: SINGLE (Line Drive, 56D)
Bertrand Sunter to second
Pinch Runner at 2nd Dan Hart:
Batting: RHB Hubert Dodson 0-0: Bunted foul
0-1: Sac Bunt - play at first, batter OUT! 5-4
Dan Hart to third
Jeremy Christensen to second
Pinch Hitting: RHB Ken Fulton 0-0: Foul Ball, location: 2F
0-1: Fly out, F5 (Popup, 5SF)
Pinch Hitting: RHB Chae-hyeong Kim 0-0: Ball
1-0: Ball
2-0: Foul Ball, location: 2F
2-1: Foul Ball, location: 2F
2-2: Foul Ball, location: 2F
2-2: Ground out 5-3 (Groundball, 56)
Top of the 9th over - 0 run(s), 1 hit(s), 0 error(s), 2 left on base; Bangor Trident Base 4 - Naperville 5
This league is powered by Out of the Park Baseball, the baseball management simulation game for PC, Mac and Linux
Friday, April 15th, 2016 - OOTP Baseball 16.9 Build 39